 Dungeon Crawl Stone Soup version 0.22.1-1-ga44c0e5 (webtiles) character file.

1885 Folque the Conjurer (level 9, -2/58 HPs)
             Began as an Octopode Wizard on Sept 29, 2018.
             Was a Follower of Sif Muna.
             Slain by a hippogriff (4 damage)
             ... on level 6 of the Dungeon.
             The game lasted 00:50:29 (8771 turns).

Folque the Conjurer (Octopode Wizard)               Turns: 8771, Time: 00:50:30

Health: -2/58      AC:  1    Str:  6      XL:     9   Next: 14%
Magic:  18/18      EV: 13    Int: 24      God:    Sif Muna [*.....]
Gold:   227        SH:  4    Dex:  7 (10) Spells: 7/20 levels left

rFire    . . .     SeeInvis .   b - +1 spear (pierce)
rCold    . . .     Gourm    .   w - +0 buckler
rNeg     . . .     Faith    +   a - +0 hat
rPois    .         Spirit   .   D - amulet of faith
rElec    .         Reflect  .   (no ring)
rCorr    .         Harm     .   (no ring)
MR       .....                  (no ring)
Stlth    +++.......             (no ring)
HPRegen  0.19/turn              (no ring)
MPRegen  0.16/turn              (no ring)
                                (no ring)
                                (no ring)

@: very slightly contaminated, divine energy
A: almost no armour, stealthy swim, amphibious, 8 rings, constrict 8, camouflage
1, gelatinous body 1
a: Stop Divine Energy, Renounce Religion


You were on level 6 of the Dungeon.
You worshipped Sif Muna.
Sif Muna was aware of your devotion.
You were hungry.

You visited 2 branches of the dungeon, and saw 8 of its levels.

You collected 343 gold pieces.
You spent 116 gold pieces at shops.

Inventory:

Hand Weapons
 b - a +1 spear of piercing (weapon)
 e - a +0 dagger
 f - a +2 dagger of speed
 x - a +0 hand axe of freezing
 A - a +0 dagger of venom
 E - a +0 hand crossbow of freezing
 F - a +0 hand axe
Missiles
 d - 2 javelins
 k - 23 poisoned needles
 s - 38 sling bullets
 v - a throwing net (quivered)
Armour
 a - a +0 hat (worn)
 w - a +0 buckler (worn)
Magical Staves
 g - an uncursed staff of earth
Jewellery
 D - an amulet of faith (around mantle)
Wands
 u - a wand of flame (16)
 z - a wand of paralysis (21)
 G - a wand of disintegration (10)
Scrolls
 h - 2 scrolls of remove curse
 n - a scroll of teleportation
 p - 2 scrolls of enchant weapon
 r - 2 scrolls of fog
 y - 3 scrolls of identify
Potions
 i - a potion of flight
 j - 2 potions of curing
 l - 2 potions of berserk rage
 m - a potion of brilliance
 o - 3 potions of ambrosia
 q - a potion of mutation
 t - a potion of might
 B - a potion of magic {unknown}
Comestibles
 c - 12 rations


   Skills:
 - Level 4.0 Fighting
 - Level 2.0 Dodging
 - Level 4.1 Stealth
 * Level 4.1 Shields
 + Level 6.0 Spellcasting
 - Level 6.2 Conjurations
 - Level 2.2 Hexes
 - Level 1.0 Summonings
 + Level 1.6 Translocations
 - Level 1.0 Air Magic
 - Level 3.0 Poison Magic


You had 7 spell levels left.
You knew the following spells:

 Your Spells              Type           Power        Failure   Level  Hunger
a - Magic Dart            Conj           ####         1%          1    None
b - Call Imp              Summ           ##......     8%          2    None
c - Blink                 Tloc           N/A          6%          2    None
d - Mephitic Cloud        Conj/Pois/Air  ###.....     6%          3    #......
e - Conjure Flame         Conj/Fire      ###.....     7%          3    #......
f - Slow                  Hex            ###.....     4%          2    None

Your spell library contained the following spells:

 Spells                   Type           Power        Failure   Level  Hunger


Dungeon Overview and Level Annotations

Branches:
Dungeon (7/15)             Temple (1/1) D:4

Altars:
Cheibriados
Dithmenos
Elyvilon
Fedhas
Hepliaklqana
Makhleb
Okawaru
Qazlal
Sif Muna
Trog
Uskayaw
Vehumet
Wu Jian
Xom
The Shining One

Shops:
D:4 :   D:5 }   D:6 (

Annotations:
D:3 1 runed door, zapotec's ghost, amateur BaSk


Innate Abilities, Weirdness & Mutations

You cannot wear most types of armour.
You are very stealthy in the water. (Stealth+)
You are amphibious.
You can wear up to eight rings at the same time.
You can use your tentacles to constrict eight enemies at once.
Your skin changes colour to match your surroundings (Stealth+).
Your rubbery body absorbs attacks. (AC +1, EV +1)


Message History

You are engulfed in noxious fumes.
You choke on the stench!
You are more confused.
* * * LOW HITPOINT WARNING * * *
The hippogriff is engulfed in noxious fumes.
You feel less invigorated.
You regain access to your magic.
The hippogriff bites you!
* * * LOW HITPOINT WARNING * * *
The hippogriff pecks you!
* * * LOW HITPOINT WARNING * * *
The hippogriff misses you.
The hippogriff seems less confused.
The hippogriff closely misses you. The hippogriff barely misses you.
The hippogriff claws you.
* * * LOW HITPOINT WARNING * * *
It was a potion of curing.
You feel better. The hippogriff bites you.
* * * LOW HITPOINT WARNING * * *
The hippogriff pecks you.
* * * LOW HITPOINT WARNING * * *
The hippogriff claws you.
You die...

#..........##≈§.#####...≈#
#..........#§≈§.#.[..#..≈#
#..........#§§..#.#.#§.§≈#
#.........(#§..#....#..§≈#
#..........#§...#####..§##
##########.#≈.........≈≈#
#.#≈≈.......§≈##
#.##≈≈...÷≈§≈##
#@.##≈≈.≈§≈###
##H.###'#### ##.....#
#######


You could see a hippogriff.

Vanquished Creatures
  Grinder (D:6)
  Edmund (D:6)
  An ogre (D:6)
  A crocodile (D:6)
  A gnoll sergeant (D:3)
  A howler monkey (D:6)
  4 crimson imps
  4 bullfrog zombies
  A hound (D:4)
  3 orc wizards
  3 orc priests
  2 gnoll shamans (D:3)
  2 bullfrog skeletons (D:5)
  Natasha (thrice) (D:3)
  Terence (D:3)
  2 worker ants
  Robin (D:3)
  23 gnolls
  4 adders
  A shadow imp (D:6)
  An ooze (D:4)
  2 adder zombies (D:5)
  A worm (D:2)
  8 leopard geckos
  23 orcs
  4 bats
  6 giant cockroaches
  13 goblins
  4 hobgoblins
  24 jackals
  3 ball pythons
  9 frilled lizards
  5 kobolds
  2 quokka skeletons
  8 rats
173 creatures vanquished.

Vanquished Creatures (collateral kills)
  An ogre (D:5)
  2 gnoll shamans (D:3)
  A jelly (D:5)
  An orc wizard (D:7)
  9 gnolls
  4 adders
  A worm (D:2)
  A dart slug (D:2)
  5 orcs
  4 jackals
  A kobold (D:2)
30 creatures vanquished.

Grand Total: 203 creatures vanquished

Notes
Turn   | Place    | Note
-------+----------+-------------------------------------------
     0 | D:1      | Folque the Octopode Wizard began the quest for the Orb.
     0 | D:1      | Reached XP level 1. HP: 11/11 MP: 4/4
   313 | D:1      | Reached skill level 1 in Fighting
   313 | D:1      | Reached XP level 2. HP: 18/18 MP: 6/6
  1084 | D:1      | Learned a level 2 spell: Call Imp
  1087 | D:1      | Learned a level 2 spell: Blink
  1166 | D:2      | Reached XP level 3. HP: 23/23 MP: 7/7
  1561 | D:2      | Learned a level 3 spell: Mephitic Cloud
  2159 | D:3      | Noticed zapotec's ghost (amateur BaSk)
  2161 | D:3      | Reached skill level 1 in Poison Magic
  2161 | D:3      | Reached XP level 4. HP: 25/29 MP: 2/8
  2201 | D:3      | Noticed Natasha
  2308 | D:3      | Killed Natasha
  2310 | D:3      | Found a runed door.
  2323 | D:3      | Noticed Natasha
  2329 | D:3      | Killed Natasha
  2329 | D:3      | Reached XP level 5. HP: 34/34 MP: 6/10
  2379 | D:3      | Noticed Robin
  2394 | D:3      | Killed Robin
  2482 | D:3      | Noticed Natasha
  2487 | D:3      | Reached skill level 1 in Air Magic
  2509 | D:3      | Killed Natasha
  2590 | D:3      | Noticed Terence
  2719 | D:2      | Reached XP level 6. HP: 23/39 MP: 6/11
  3322 | D:3      | Killed Terence
  3419 | D:3      | Reached XP level 7. HP: 28/45 MP: 3/13
  3424 | D:3      | Learned a level 3 spell: Conjure Flame
  3427 | D:3      | Learned a level 2 spell: Slow
  4216 | D:3      | Reached skill level 5 in Conjurations
  4640 | D:4      | Found Kiecopn's Book Shop.
  4748 | D:4      | Found a deep blue altar of Sif Muna.
  4781 | D:4      | Found an iron altar of Okawaru.
  5032 | D:5      | Entered Level 5 of the Dungeon
  5088 | D:5      | Reached skill level 5 in Spellcasting
  5122 | D:5      | Reached XP level 8. HP: 30/52 MP: 2/15
  5138 | D:5      | Found Kyobat's Gadget Shoppe.
  5781 | D:5      | Reached skill level 1 in Shields
  6450 | D:4      | Found a staircase to the Ecumenical Temple.
  6455 | Temple   | Entered the Ecumenical Temple
  6756 | D:4      | Became a worshipper of Sif Muna the Loreminder
  6925 | D:6      | Noticed Edmund
  7391 | D:6      | Noticed Grinder
  7411 | D:6      | Found Citan's Weapon Shoppe.
  7516 | D:6      | Bought a +0 hand crossbow of freezing for 116 gold pieces
  7788 | D:6      | Killed Grinder
  7788 | D:6      | Reached skill level 1 in Hexes
  7885 | D:6      | Killed Edmund
  7885 | D:6      | Reached XP level 9. HP: 58/58 MP: 0/17
  8231 | D:6      | Reached * piety under Sif Muna
  8709 | D:7      | Noticed a wizard
  8770 | D:6      | HP: 2/58 [hippogriff (6)]
  8771 | D:6      | Slain by a hippogriff

Skill      XL: |  1  2  3  4  5  6  7  8  9 |
---------------+----------------------------+-----
Fighting       | 1 2 3 4 |  4.0
Conjurations   | 2 4 5 6 |  6.2
Poison Magic   | 1 2 3 |  3.0
Stealth        | 3 4 |  4.1
Air Magic      | 1 |  1.0
Spellcasting   | 4 5 6 |  6.0
Shields        | 3 4 |  4.1
Hexes          | 2 |  2.2
Dodging        | |  2.0
Summonings     | |  1.0
Translocations | |  1.6

Action                   |  1- 3 |  4- 6 |  7- 9 || total
-------------------------+-------+-------+-------++-------
Melee: Unarmed           |    30 |       |       ||    30
       Constrict         |    19 |    48 |    59 ||   126
       Tentacles         |    11 |    24 |    34 ||    69
       Dagger            |    52 |   174 |    89 ||   315
       Spear             |       |       |   321 ||   321
Throw: Javelin           |       |     4 |     2 ||     6
 Cast: Magic Dart        |    15 |    13 |    52 ||    80
       Call Imp          |    12 |     8 |    37 ||    57
       Blink             |     1 |     3 |    13 ||    17
       Mephitic Cloud    |       |    15 |    32 ||    47
       Conjure Flame     |       |       |    13 ||    13
       Slow              |       |       |     8 ||     8
Invok: Divine Energy     |       |       |     1 ||     1
Evoke: Wand              |       |       |     8 ||     8
  Use: Potion            |       |     1 |     3 ||     4
       Scroll            |       |       |    14 ||    14
 Stab: Sleeping          |     6 |       |     5 ||    11
       Confused          |       |     4 |     9 ||    13
       Distracted        |       |     1 |     5 ||     6
       Paralysed         |       |       |    18 ||    18
  Eat: Chunk             |     4 |     5 |    15 ||    24
       Ration            |       |       |     1 ||     1
Armor: Skin              |     6 |    17 |    10 ||    33
Dodge: Dodged            |    47 |    86 |   141 ||   274
Block: Buckler           |       |       |     1 ||     1
